 Dungeon Crawl Stone Soup version 0.23.0 (webtiles) character file.

Game seed: 5304697869098341207

607 Murks the Cutter (level 7, -1/35 HPs)
             Began as a Vine Stalker Fighter on Feb 19, 2019.
             Splashed by a jelly's acid (5 damage)
             ... on level 5 of the Dungeon.
             The game lasted 00:08:08 (3507 turns).

Murks the Cutter (Vine Stalker Fighter)             Turns: 3507, Time: 00:08:09

Health: -1/35      AC: -1    Str: 19    XL:     7   Next: 43%
Magic:  0/8        EV:  7    Int:  8    God:
Gold:   199        SH:  9    Dex: 15    Spells: 6/6 levels left

rFire    . . .     SeeInvis .   u - +1 dagger (venom)
rCold    . . .     Gourm    .   c - +0 shield
rNeg     . . .     Faith    .   b - +0 scale mail
rPois    .         Spirit   +   (no helmet)
rElec    .         Reflect  .   (no cloak)
rCorr    .         Harm     .   (no gloves)
MR       .....                  (no boots)
Stlth    ++........             (no amulet)
HPRegen  0.51/turn              (no ring)
MPRegen  0.11/turn              (no ring)

@: corroded
A: fangs 2, regeneration 1, magic shield, antimagic bite, no potion heal 3, rot
immunity
a: no special abilities


You were on level 5 of the Dungeon.
You were hungry.

You visited 1 branch of the dungeon, and saw 5 of its levels.

You collected 199 gold pieces.

Inventory:

Hand Weapons
 u - a +1 dagger of venom (weapon)
Missiles
 o - 2 throwing nets (quivered)
Armour
 b - a +0 scale mail (worn)
 c - a +0 shield (worn)
Jewellery
 m - a +4 ring of strength {unknown}
Wands
 x - a wand of digging (4)
 y - a wand of polymorph (7)
Scrolls
 d - 3 scrolls of identify {unknown}
 g - 2 scrolls of immolation {unknown}
 j - a scroll of blinking {unknown}
 n - a scroll of enchant weapon {unknown}
 p - a scroll of fear {unknown}
 r - 3 scrolls of remove curse {unknown}
 t - a scroll of amnesia {unknown}
 v - 2 scrolls of teleportation {unknown}
Potions
 a - a potion of might
 h - a potion of heal wounds {unknown}
 i - a potion of flight {unknown}
 k - 3 potions of degeneration {unknown}
 l - 3 potions of curing {unknown}
 q - a potion of haste {unknown}
 s - 2 potions of berserk rage {unknown}
 z - a potion of brilliance {unknown}
Comestibles
 f - 7 rations


   Skills:
 - Level 2.6 Fighting
 * Level 6.3 Short Blades
 - Level 2.4 Armour
 + Level 4.9 Stealth
 - Level 2.6 Shields


You had 6 spell levels left.
You didn't know any spells.
Your spell library was empty.

Dungeon Overview and Level Annotations

Branches:
Dungeon (5/15)
 Temple: D:4-7

Altars:


Innate Abilities, Weirdness & Mutations

You have extremely sharp teeth.
Your natural rate of healing is unusually fast.
When hurt, damage is shared between your health and your magic reserves.
Your bite disrupts and absorbs the magic of your enemies.
Potions cannot restore your health.
You are immune to rotting.


Message History

You hit the bullfrog skeleton but do no damage.
The bullfrog skeleton is lightly damaged.
The bullfrog skeleton hits you. The jelly closely misses you.
The phantom completely misses you. The bullfrog skeleton hits you.
* * * LOW HITPOINT WARNING * * *
The jelly closely misses you.
The phantom blinks!
As you read the scroll labeled XEOPLUDA TASUL, it crumbles to dust.
You hear a loud clanging noise!
It was a scroll of noise.
You feel sick.
You are no longer poisoned.
You hear a shout! x2; You hear a bark!
You hear a shout! x2; You hear a howl!
The orc wizard points at you and mumbles some strange words.
The magic dart hits you.
* * * LOW HITPOINT WARNING * * *
The bullfrog skeleton barely misses you.
The jelly hits you.
* * * LOW HITPOINT WARNING * * *
The acid corrodes you!
You are splashed with acid!
You die...

... .#...##
...##.....#
...........#
.#........
.....<...### $.
###..l.....#
..##.........#
...........†##
.........@Z..#
.........oJ.##
...>.....l...#
#...........###
.#........W.|..#
...........#.###
..........####
..........#
............


You could see a phantom, an iguana, a jelly, an orc wizard, a frilled lizard and
a bullfrog skeleton.

Vanquished Creatures
  A scorpion (D:3)
  2 howler monkeys
  A hound (D:4)
  An orc wizard (D:3)
  Jessica (D:2)
  Terence (D:2)
  3 worker ants
  10 gnolls
  11 adders
  An ooze (D:3)
  An adder skeleton (D:4)
  4 worms
  A dart slug (D:2)
  A leopard gecko (D:1)
  5 orcs
  5 giant cockroaches
  10 goblins
  6 hobgoblins
  4 quokkas
  A ball python (D:4)
  10 bats
  3 frilled lizards
  8 kobolds
  A quokka skeleton (D:5)
  3 rats
95 creatures vanquished.

Notes
Turn   | Place    | Note
-------+----------+-------------------------------------------
     0 | D:1      | Murks the Vine Stalker Fighter began the quest for the Orb.
     0 | D:1      | Reached XP level 1. HP: 11/11 MP: 2/2
   240 | D:1      | Reached skill level 2 in Short Blades
   295 | D:1      | Reached XP level 2. HP: 16/16 MP: 3/3
   590 | D:2      | Reached skill level 3 in Short Blades
   590 | D:2      | Reached XP level 3. HP: 19/19 MP: 4/4
   951 | D:2      | Noticed Terence
  1502 | D:2      | Gained mutation: Your natural rate of healing is unusually
                  | fast. [Vine Stalker growth]
  1502 | D:2      | Reached XP level 4. HP: 21/23 MP: 5/5
  1505 | D:2      | Killed Terence
  1505 | D:2      | Reached skill level 4 in Short Blades
  1505 | D:2      | Reached skill level 1 in Stealth
  1593 | D:2      | Reached XP level 5. HP: 19/27 MP: 3/6
  1720 | D:2      | Noticed Jessica
  1735 | D:2      | Killed Jessica
  2192 | D:3      | Reached skill level 5 in Short Blades
  2200 | D:3      | Reached XP level 6. HP: 32/32 MP: 7/7
  2899 | D:3      | Reached XP level 7. HP: 28/35 MP: 5/8
  3003 | D:4      | Reached skill level 6 in Short Blades
  3477 | D:5      | Entered Level 5 of the Dungeon
  3507 | D:5      | Splashed by a jelly's acid

Skill      XL: |  1  2  3  4  5  6  7 |
---------------+----------------------+-----
Short Blades   | 2 3 4 5 6 |  6.3
Stealth        | 2 4 |  4.9
Fighting       | |  2.6
Armour         | |  2.4
Shields        | |  2.6

Action                   |  1- 3 |  4- 6 |  7- 9 || total
-------------------------+-------+-------+-------++-------
Melee: Rapier            |    81 |   141 |       ||   222
       Bite              |    19 |    68 |    21 ||   108
       Dagger            |       |    42 |    54 ||    96
  Use: Potion            |       |     1 |       ||     1
       Scroll            |       |       |     1 ||     1
  Eat: Chunk             |     2 |     4 |     2 ||     8
Armor: Scale mail        |    31 |    62 |     8 ||   101
Dodge: Dodged            |    19 |    45 |    15 ||    79
Block: Shield            |    46 |    76 |    16 ||   138
